 Dungeon Crawl Stone Soup version 0.20.1-1-g8b1a95d (webtiles) character file.

480 AverageBear the Cutter (level 6, -6/36 HPs)
             Began as a Deep Elf Fighter on July 21, 2017.
             Was an Initiate of Ashenzari.
             Mangled by an ogre
             ... wielding a +0 giant club
              (24 damage)
             ... on level 4 of the Dungeon.
             The game lasted 00:04:46 (3831 turns).

AverageBear the Cutter (Deep Elf Fighter)           Turns: 3831, Time: 00:04:47

Health: -6/36      AC: 14    Str: 15    XL:     6   Next: 86%
Magic:  8/8        EV:  8    Int: 13    God:    Ashenzari [......]
Gold:   189        SH:  8    Dex: 14    Spells: 5/5 levels left

rFire    x . .     SeeInvis +   d - +1 short sword (holy)
rCold    + + .     Gourm    .   c - +0 shield
rNeg     . . .     Faith    .   n - +5 chain mail of Haod {rF- rC+ rCorr SInv}
rPois    .         Spirit   .   (no helmet)
rElec    .         Reflect  .   (no cloak)
rCorr    +         Harm     .   u - +0 pair of gloves
MR       .....                  (no boots)
Stlth    ..........             (no amulet)
Regen    0.2/turn               l - ring of protection from cold
MPRegen  0.2/turn               s - +2 ring of evasion

@: no status effects
A: no striking features
a: Curse Item, Renounce Religion


You were on level 4 of the Dungeon.
You worshipped Ashenzari.
Ashenzari was noncommittal.
You were not hungry.

You visited 1 branch of the dungeon, and saw 4 of its levels.

You collected 189 gold pieces.

Inventory:

Hand Weapons
 a - a +0 rapier
 d - a +1 short sword of holy wrath (weapon)
Armour
 b - a +0 scale mail
 c - a +0 shield (worn)
 n - the +5 chain mail of Haod (worn) {rF- rC+ rCorr SInv}
   (You found it on level 4 of the Dungeon)

   It makes you vulnerable to fire.
   It protects you from cold.
   It lets you see invisible.
   It protects you from acid and corrosion.
 u - a +0 pair of gloves (worn)
Jewellery
 l - a ring of protection from cold (left hand)
 s - a +2 ring of evasion (right hand)
Scrolls
 e - 4 scrolls of remove curse
 g - a scroll of enchant weapon {unknown}
 h - a scroll of amnesia {unknown}
 k - a scroll of teleportation {unknown}
 o - a scroll of blinking {unknown}
 q - a scroll of recharging {unknown}
 t - 2 scrolls of fog {unknown}
 v - a scroll of immolation {unknown}
 x - a scroll of noise {unknown}
 y - a scroll of identify
Potions
 j - a potion of agility
 m - a potion of brilliance
 p - a potion of curing
 w - a potion of haste
Comestibles
 f - 2 bread rations
 i - 3 royal jellies
 r - a meat ration
 z - 9 chunks of flesh


   Skills:
 - Level 2.4 Fighting
 - Level 6.0 Short Blades
 - Level 2.4 Armour
 + Level 5.0 Dodging
 - Level 2.4 Shields


You had 5 spell levels left.
You didn't know any spells.

Dungeon Overview and Level Annotations

Branches:
Dungeon (4/15)
 Temple: D:4-7

Altars:
Ashenzari
Trog


Message History

You are too injured to fight recklessly!
You are too injured to fight recklessly!
You are too injured to fight recklessly!
You are too injured to fight recklessly!
You are too injured to fight recklessly!
You are too injured to fight recklessly!
You are too injured to fight recklessly!
You hit the ogre.
The ogre is heavily wounded.
You block the ogre's attack.
You hit the ogre.
The ogre is severely wounded.
You closely miss the ogre.
The ogre is severely wounded.
The ogre hits you but does no damage.
You hit the ogre.
The ogre is severely wounded.
The ogre hits you with a giant club!!
Ouch! That really hurt!
You die...

# # ##### ### #
#...# ##.## #
#...### #... #
#.....## #..# ## #
#...#..# #..#
.##### ###
#...##.#
#..##.....# ##..
##.###.# ##...@O#
#..# #.# #.#
#.....(# #.## #.#
#.###......# ##.##
#)###...#......#
## #..##
#..####........##.
#.###
##....##..........
#.# #
####.....#.....##
###.# #
####........#
#...# # #....#.###
#.### #


You could see an ogre.

Vanquished Creatures
  An ogre (D:3)
  The ghost of AverageBear the Cutter, an amateur DEFi (D:4)
  A scorpion (D:4)
  4 orc wizards (D:4)
  An orc priest (D:4)
  A hound skeleton (D:4)
  3 adders
  An ooze (D:3)
  3 worms
  2 dart slugs (D:1)
  4 leopard geckos
  11 orcs
  4 bats
  A giant cockroach (D:2)
  10 goblins
  4 hobgoblins (D:2)
  10 jackals
  A quokka (D:2)
  2 frilled lizards
  A jackal skeleton (D:4)
  3 kobolds
  5 rats
74 creatures vanquished.

Notes
Turn   | Place    | Note
-------+----------+-------------------------------------------
     0 | D:1      | AverageBear the Deep Elf Fighter began the quest for the Orb.
     0 | D:1      | Reached XP level 1. HP: 13/13 MP: 3/3
   504 | D:1      | Reached XP level 2. HP: 17/18 MP: 4/4
   665 | D:1      | Reached skill level 3 in Short Blades
  1447 | D:2      | Reached XP level 3. HP: 22/22 MP: 5/5
  1483 | D:2      | Found a bloodstained altar of Trog.
  1790 | D:2      | Reached skill level 4 in Short Blades
  2108 | D:3      | Reached XP level 4. HP: 22/27 MP: 6/6
  2334 | D:3      | Found a shattered altar of Ashenzari.
  2347 | D:3      | Became a worshipper of Ashenzari the Shackled
  2723 | D:4      | Got the uncursed chain mail of Haod {rF- rC+ rCorr SInv}
  2739 | D:4      | Reached skill level 5 in Short Blades
  2739 | D:4      | Reached XP level 5. HP: 19/31 MP: 7/7
  2865 | D:4      | Identified the +5 chain mail of Haod {rF- rC+ rCorr SInv} (You found it on level 4 of the Dungeon)
  2878 | D:4      | Noticed AverageBear's ghost (amateur DEFi)
  2918 | D:4      | Killed AverageBear's ghost
  2918 | D:4      | Reached skill level 6 in Short Blades
  2989 | D:4      | Reached skill level 1 in Dodging
  3062 | D:4      | Noticed an ogre
  3123 | D:3      | Killed an ogre
  3123 | D:3      | Reached XP level 6. HP: 18/36 MP: 8/8
  3663 | D:3      | Reached skill level 5 in Dodging
  3831 | D:4      | Mangled by an ogre

Skill      XL: |  1  2  3  4  5  6 |
---------------+-------------------+-----
Short Blades   | 3 4 5 6 |  6.0
Dodging        | 3 5 |  5.0
Fighting       | |  2.4
Armour         | |  2.4
Shields        | |  2.4

Action                   |  1- 3 |  4- 6 || total
-------------------------+-------+-------++-------
Melee: Rapier            |   167 |   136 ||   303
       Short sword       |       |    87 ||    87
  Use: Scroll            |       |     3 ||     3
       Potion            |       |     6 ||     6
  Eat: Chunk             |     4 |     6 ||    10
Armor: Scale mail        |    68 |    19 ||    87
       Chain mail        |       |   102 ||   102
Dodge: Dodged            |    45 |    64 ||   109
Block: Shield            |    90 |   108 ||   198
